BSA
SEATTLE PIKES @ KALAMAZOO ROYALE WITH CHEESE
03/16/2024
 
TOP OF THE 1ST
Seattle Pikes batting - Pitching for Kalamazoo Royale with Cheese : RHP Jason Taylor
Pitching: RHP Jason Taylor
Batting: LHB Luka Lagerweij 0-0: Ball
1-0: Called Strike
1-1: Bunted foul
1-2: Ball
2-2: Foul Ball, location: 2F
2-2: Ball
3-2: Base on Balls
Batting: RHB John Anderson 0-0: Ball
1-0: Ball
2-0: Foul Ball, location: 2F
2-1: Grounds into double play, 3-6-1 (Groundball, 3)
Batting: LHB Eduardo Gómez 0-0: Ball
1-0: Called Strike
1-1: Fly out, F8 (Flyball, 8RD)
Top of the 1st over - 0 run(s), 0 hit(s), 0 error(s), 0 left on base; Seattle 0 - Kalamazoo 0
BOTTOM OF THE 1ST
Kalamazoo Royale with Cheese batting - Pitching for Seattle Pikes : LHP Albert Lebel
Pitching: LHP Albert Lebel
Batting: RHB Juan Mendoza 0-0: Ball
1-0: Ball
2-0: Ball
3-0: Called Strike
3-1: SOLO HOME RUN (Flyball, 78XD), Distance : 412 ft
Batting: LHB Ben Moss 0-0: Foul Ball, location: 2F
0-1: Swinging Strike
0-2: Ball
1-2: Strikes out swinging
Batting: RHB Brian Smith 0-0: Called Strike
0-1: Ball
1-1: Ball
2-1: Called Strike
2-2: Ground out 6-3 (Groundball, 6)
Batting: LHB Stan Hickman 0-0: Foul Ball, location: 2F
0-1: Swinging Strike
0-2: Foul Ball, location: 2F
0-2: Foul Ball, location: 2F
0-2: Ball
1-2: Ball
2-2: Ground out 1-3 (Groundball, 13S)
Bottom of the 1st over - 1 run(s), 1 hit(s), 0 error(s), 0 left on base; Seattle 0 - Kalamazoo 1
TOP OF THE 2ND
Seattle Pikes batting - Pitching for Kalamazoo Royale with Cheese : RHP Jason Taylor
Batting: RHB Manuel Rico 0-0: Ball
1-0: Foul Ball, location: 2F
1-1: DOUBLE (Line Drive, 7LS)
Batting: RHB Dave Morgan 0-0: Ball
1-0: Ball
2-0: Called Strike
2-1: Ball
3-1: Base on Balls
Batting: RHB Henning Huisman 0-0: Ball
1-0: Ball
2-0: Ball
3-0: Base on Balls
Manuel Rico to third
Dave Morgan to second
Batting: RHB Arnold Harmon 0-0: Ball
1-0: SINGLE (Line Drive, 4MD)
Manuel Rico scores
Dave Morgan to third
Henning Huisman to second
Batting: RHB Naomi Kitamura 0-0: Called Strike
0-1: Ball
1-1: Foul Ball, location: 2F
1-2: Ball
2-2: SINGLE (Groundball, 6MD)
Dave Morgan scores
Henning Huisman to third
Arnold Harmon to second
Batting: SHB António Hernández 0-0: Called Strike
0-1: SINGLE (Line Drive, 6D)
Henning Huisman scores
Arnold Harmon to third
Naomi Kitamura to second
Runner from 3rd tries for Home, SAFE, no throw or cutoff
Batting: LHB Luka Lagerweij 0-0: Swinging Strike
0-1: Swinging Strike
0-2: Foul Ball, location: 2F
0-2: Strikes out swinging
Batting: RHB John Anderson 0-0: Ball
1-0: Foul Ball, location: 2F
1-1: Ball
2-1: Foul Ball, location: 2F
2-2: Foul Ball, location: 2F
2-2: Grounds into double play, 6-4-3 (Groundball, 6)
Top of the 2nd over - 4 run(s), 4 hit(s), 0 error(s), 1 left on base; Seattle 4 - Kalamazoo 1
BOTTOM OF THE 2ND
Kalamazoo Royale with Cheese batting - Pitching for Seattle Pikes : LHP Albert Lebel
Batting: LHB Francisco Torres 0-0: Swinging Strike
0-1: Swinging Strike
0-2: Ball
1-2: Strikes out swinging
Batting: RHB Matt Perkins 0-0: Ball
1-0: Fly out, F9 (Flyball, 89M)
Batting: LHB Juan Sánchez 0-0: Called Strike
0-1: Foul Ball, location: 2F
0-2: Strikes out swinging
Bottom of the 2nd over - 0 run(s), 0 hit(s), 0 error(s), 0 left on base; Seattle 4 - Kalamazoo 1
TOP OF THE 3RD
Seattle Pikes batting - Pitching for Kalamazoo Royale with Cheese : RHP Jason Taylor
Batting: LHB Eduardo Gómez 0-0: Ball
1-0: Foul Ball, location: 2F
1-1: Ground out 4-3 (Groundball, 34)
Batting: RHB Manuel Rico 0-0: SINGLE (Groundball, 6MD)
Batting: RHB Dave Morgan 0-0: Grounds into double play, 6-4-3 (Groundball, 6)
Top of the 3rd over - 0 run(s), 1 hit(s), 0 error(s), 0 left on base; Seattle 4 - Kalamazoo 1
BOTTOM OF THE 3RD
Kalamazoo Royale with Cheese batting - Pitching for Seattle Pikes : LHP Albert Lebel
Batting: LHB Jack Hewat 0-0: Called Strike
0-1: Swinging Strike
0-2: Foul Ball, location: 2F
0-2: Foul Ball, location: 2F
0-2: Ball
1-2: Ball
2-2: Foul Ball, location: 2F
2-2: SINGLE (Groundball, 4MD)
Batting: RHB Fernando Martínez 0-0: SINGLE (Groundball, 6D)
Jack Hewat to second
Batting: RHB Juan Mendoza 0-0: Ball
1-0: Called Strike
1-1: Swinging Strike
1-2: Ground out 2-3 (Groundball, 25)
Jack Hewat to third
Fernando Martínez to second
Batting: LHB Ben Moss 0-0: Called Strike
0-1: Ball
1-1: Called Strike
1-2: Fly out, F8 (Flyball, 8RD)
Runner from 3rd tags up, SCORES, no throw
Batting: RHB Brian Smith 0-0: Swinging Strike
0-1: Ball
1-1: Foul Ball, location: 2F
1-2: Strikes out swinging
Bottom of the 3rd over - 1 run(s), 2 hit(s), 0 error(s), 1 left on base; Seattle 4 - Kalamazoo 2
TOP OF THE 4TH
Seattle Pikes batting - Pitching for Kalamazoo Royale with Cheese : RHP Jason Taylor
Batting: RHB Henning Huisman 0-0: Ground out U3 (Groundball, 3S)
Batting: RHB Arnold Harmon 0-0: Called Strike
0-1: Ball
1-1: Ball
2-1: Ball
3-1: Base on Balls
Batting: RHB Naomi Kitamura 0-0: Ball
1-0: Ball
2-0: Swinging Strike
2-1: Ball
3-1: Swinging Strike
3-2: Foul Ball, location: 2F
3-2: Strikes out looking
Batting: SHB António Hernández 0-0: Ball
1-0: Ball
2-0: Called Strike
2-1: Ground out 2-3 (Groundball, 23)
Top of the 4th over - 0 run(s), 0 hit(s), 0 error(s), 1 left on base; Seattle 4 - Kalamazoo 2
BOTTOM OF THE 4TH
Kalamazoo Royale with Cheese batting - Pitching for Seattle Pikes : LHP Albert Lebel
Batting: LHB Stan Hickman 0-0: Ball
1-0: Foul Ball, location: 2F
1-1: Foul Ball, location: 2F
1-2: Fly out, F3 (Popup, 13)
Batting: LHB Francisco Torres 0-0: Foul Ball, location: 2F
0-1: Fly out, F7 (Flyball, 78M)
Batting: RHB Matt Perkins 0-0: Called Strike
0-1: SINGLE (Line Drive, 34)
Batting: LHB Juan Sánchez 0-0: Ball
1-0: Ball
2-0: Called Strike
2-1: Called Strike
2-2: Foul Ball, location: 2F
2-2: Foul Ball, location: 2F
2-2: Foul Ball, location: 2F
2-2: Strikes out looking
Bottom of the 4th over - 0 run(s), 1 hit(s), 0 error(s), 1 left on base; Seattle 4 - Kalamazoo 2
TOP OF THE 5TH
Seattle Pikes batting - Pitching for Kalamazoo Royale with Cheese : RHP Jason Taylor
Pitching: RHP Stan Stewart
Batting: LHB Luka Lagerweij 0-0: Called Strike
0-1: Foul Ball, location: 2F
0-2: Ball
1-2: Ball
2-2: Strikes out swinging
Batting: RHB John Anderson 0-0: Called Strike
0-1: SINGLE (Line Drive, 8LS)
Batting: LHB Eduardo Gómez 0-0: Ball
1-0: Fly out, F9 (Line Drive, 89S)
Batting: RHB Manuel Rico Pickoff Throw to First - Out!
Top of the 5th over - 0 run(s), 1 hit(s), 0 error(s), 0 left on base; Seattle 4 - Kalamazoo 2
BOTTOM OF THE 5TH
Kalamazoo Royale with Cheese batting - Pitching for Seattle Pikes : LHP Albert Lebel
Pitching: RHP Ángelo Gusmán
Batting: LHB Jack Hewat 0-0: Ball
1-0: Foul Ball, location: 2F
1-1: Ball
2-1: Ball
3-1: Base on Balls
Batting: RHB Fernando Martínez 0-0: Foul Ball, location: 2F
0-1: Swinging Strike
0-2: Strikes out looking
Batting: RHB Juan Mendoza 0-0: Ball
1-0: Called Strike
1-1: Foul Ball, location: 2F
1-2: Ball
2-2: Strikes out swinging
Batting: LHB Ben Moss 0-0: SINGLE (Groundball, 56D)
Jack Hewat to second
Batting: RHB Brian Smith 0-0: Ball
1-0: Called Strike
1-1: Ball
2-1: Ball
3-1: Base on Balls
Jack Hewat to third
Ben Moss to second
Batting: LHB Stan Hickman 0-0: Ball
1-0: Ball
2-0: Swinging Strike
2-1: Ball
3-1: Base on Balls
Jack Hewat scores
Ben Moss to third
Brian Smith to second
Batting: LHB Francisco Torres 0-0: Called Strike
0-1: Called Strike
0-2: Fly out, F3 (Popup, 3SF)
Bottom of the 5th over - 1 run(s), 1 hit(s), 0 error(s), 3 left on base; Seattle 4 - Kalamazoo 3
TOP OF THE 6TH
Seattle Pikes batting - Pitching for Kalamazoo Royale with Cheese : RHP Stan Stewart
Batting: RHB Manuel Rico 0-0: Fly out, F5 (Line Drive, 5)
Batting: RHB Dave Morgan 0-0: Swinging Strike
0-1: Ground out 5-3 (Groundball, 15S)
Batting: RHB Henning Huisman 0-0: Ground out 6-3 (Groundball, 6M)
Top of the 6th over - 0 run(s), 0 hit(s), 0 error(s), 0 left on base; Seattle 4 - Kalamazoo 3
BOTTOM OF THE 6TH
Kalamazoo Royale with Cheese batting - Pitching for Seattle Pikes : RHP Ángelo Gusmán
Batting: RHB Matt Perkins 0-0: Fly out, F8 (Flyball, 8RS)
Batting: LHB Juan Sánchez 0-0: Foul Ball, location: 2F
Reached via error on a dropped throw, E1
Batting: LHB Jack Hewat 0-0: Foul Ball, location: 2F
0-1: Called Strike
0-2: Ground out 4-3 (Groundball, 4M)
Juan Sánchez to second
Batting: RHB Fernando Martínez 0-0: Ball
1-0: SINGLE (Line Drive, 4M)
Juan Sánchez to third
Runner from 3rd tries for Home, SAFE, throw made home
Fernando Martínez to second
Pinch Hitting: LHB Bryce Hopkins 0-0: Ball
1-0: Fly out, F9 (Flyball, 9M)
Bottom of the 6th over - 1 run(s), 1 hit(s), 1 error(s), 1 left on base; Seattle 4 - Kalamazoo 4
TOP OF THE 7TH
Seattle Pikes batting - Pitching for Kalamazoo Royale with Cheese : RHP Stan Stewart
Pitching: RHP Didyu Ghosh
Now in RF: Bryce Hopkins
Pinch Hitting: LHB Bruno Lalonde 0-0: Ball
1-0: Foul Ball, location: 2F
1-1: Ball
2-1: Ball
3-1: Called Strike
3-2: Fly out, F8 (Flyball, 8RM)
Pinch Hitting: LHB Chad Weaver 0-0: Foul Ball, location: 2F
0-1: Ball
1-1: Swinging Strike
1-2: Foul Ball, location: 2F
1-2: Ball
2-2: Ball
3-2: Strikes out swinging
Batting: SHB António Hernández 0-0: Ball
1-0: Called Strike
1-1: Fly out, F7 (Line Drive, 6D)
Top of the 7th over - 0 run(s), 0 hit(s), 0 error(s), 0 left on base; Seattle 4 - Kalamazoo 4
BOTTOM OF THE 7TH
Kalamazoo Royale with Cheese batting - Pitching for Seattle Pikes : RHP Ángelo Gusmán
Pitching: RHP Josh Schmitt
Now at 2B: Murai Ishihara
Now at 3B: Jong-min Kim
Pinch Hitting: LHB Dave Pitts 0-0: Called Strike
0-1: Foul Ball, location: 2F
0-2: Foul Ball, location: 2F
0-2: Strikes out looking
Pinch Hitting: RHB Roberto Ordóñez 0-0: Foul Ball, location: 2F
0-1: Ball
1-1: Ball
2-1: Ball
3-1: Swinging Strike
3-2: Foul Ball, location: 2F
3-2: Foul Ball, location: 2F
3-2: Base on Balls
Batting: LHB Robbie McLaughlin 0-0: Ball
1-0: Swinging Strike
1-1: Fly out, F8 (Flyball, 8LD)
Runner from 1st tags up, SAFE at 2nd
Pinch Hitting: LHB Sergio Díaz 0-0: Called Strike
0-1: Ball
1-1: Ball
2-1: Ground out 4-3 (Groundball, 4)
Bottom of the 7th over - 0 run(s), 0 hit(s), 0 error(s), 1 left on base; Seattle 4 - Kalamazoo 4
TOP OF THE 8TH
Seattle Pikes batting - Pitching for Kalamazoo Royale with Cheese : RHP Didyu Ghosh
Pitching: LHP Salvador Rodríguez
Now at 3B: José Colón
Now in CF: Sergio Díaz
Now in RF: Roberto Ordóñez
Pinch Hitting: RHB Reynold Akker 0-0: Called Strike
0-1: Ball
1-1: Ground out 1-3 (Groundball, 15S)
Batting: RHB John Anderson 0-0: Called Strike
0-1: Foul Ball, location: 2F
0-2: Foul Ball, location: 2F
0-2: Ball
1-2: Ball
2-2: Ball
3-2: Ground out 6-3 (Groundball, 6M)
Pitching: RHP Fergus Wakeford
Pinch Hitting: RHB António Ortega 0-0: Ball
1-0: Foul Ball, location: 2F
1-1: Called Strike
1-2: Ball
2-2: Foul Ball, location: 2F
2-2: Foul Ball, location: 2F
2-2: Ball
3-2: Base on Balls
Pinch Runner at 1st Randy Sheppard:
Pinch Hitting: RHB Wallace Greene 0-0: Called Strike
Randy Sheppard steals 2nd base
0-1: Swinging Strike
0-2: Ball
1-2: Strikes out looking
Top of the 8th over - 0 run(s), 0 hit(s), 0 error(s), 1 left on base; Seattle 4 - Kalamazoo 4
BOTTOM OF THE 8TH
Kalamazoo Royale with Cheese batting - Pitching for Seattle Pikes : RHP Josh Schmitt
Now at 1B: Reynold Akker
Now in CF: Randy Sheppard
Now in RF: Lorenzo Ayala
Pinch Hitting: RHB Jonathan MacVey 0-0: Called Strike
0-1: Ball
1-1: Reached on error, E5 (Groundball, 5)
Pinch Runner at 1st José Estrada:
Batting: LHB Juan Sánchez 0-0: Ball
1-0: Ball
2-0: Ball
3-0: Base on Balls
José Estrada to second
Pinch Hitting: LHB Pedro Cruz 0-0: Grounds into double play, 4-6-3 (Groundball, 4)
José Estrada to third
Pinch Hitting: RHB Rafael González 0-0: Ground out 5-3 (Groundball, 56)
Bottom of the 8th over - 0 run(s), 0 hit(s), 1 error(s), 1 left on base; Seattle 4 - Kalamazoo 4
TOP OF THE 9TH
Seattle Pikes batting - Pitching for Kalamazoo Royale with Cheese : RHP Fergus Wakeford
Pitching: RHP Rikiya Sakurai
Now at 1B: Rafael González
Now at 2B: Pedro Cruz
Now at SS: Kuniaki Kawashima
Pinch Hitting: RHB Tae-kwon Kwon 0-0: Ground out 6-3 (Groundball, 6M)
Batting: RHB Iván Gonzáles 0-0: Ball
1-0: Ball
2-0: Fly out, F8 (Flyball, 8LXD)
Batting: RHB Murai Ishihara 0-0: Foul Ball, location: 2F
0-1: Foul Ball, location: 2F
0-2: Ground out 6-3 (Groundball, 6)
Top of the 9th over - 0 run(s), 0 hit(s), 0 error(s), 0 left on base; Seattle 4 - Kalamazoo 4
BOTTOM OF THE 9TH
Kalamazoo Royale with Cheese batting - Pitching for Seattle Pikes : RHP Josh Schmitt
Now in LF: Emílio Bruno
Batting: LHB Bryce Hopkins 0-0: Ball
1-0: Foul Ball, location: 2F
1-1: DOUBLE (Flyball, 7LD)
Batting: RHB José Colón 0-0: Ground out 5-3 (Groundball, 56)
Batting: RHB Roberto Ordóñez 0-0: Ball
1-0: Ball
2-0: SINGLE (Line Drive, 4D)
Bryce Hopkins to third
Batting: LHB Robbie McLaughlin 0-0: Ball
1-0: Foul Ball, location: 2F
1-1: Called Strike
1-2: Strikes out looking
Batting: LHB Sergio Díaz 0-0: Ball
1-0: Ball
2-0: Fly out, F7 (Popup, 56D)
Bottom of the 9th over - 0 run(s), 2 hit(s), 0 error(s), 2 left on base; Seattle 4 - Kalamazoo 4
TOP OF THE 10TH
Seattle Pikes batting - Pitching for Kalamazoo Royale with Cheese : RHP Rikiya Sakurai
Batting: SHB Jong-min Kim 0-0: Swinging Strike
0-1: Ground out 4-3 (Groundball, 4)
Pinch Hitting: RHB Dennis Stephenson 0-0: Swinging Strike
0-1: Swinging Strike
0-2: Ball
1-2: Ball
2-2: Strikes out swinging
Batting: RHB Reynold Akker 0-0: Called Strike
0-1: Fly out, F9 (Flyball, 9LD)
Top of the 10th over - 0 run(s), 0 hit(s), 0 error(s), 0 left on base; Seattle 4 - Kalamazoo 4
BOTTOM OF THE 10TH
Kalamazoo Royale with Cheese batting - Pitching for Seattle Pikes : RHP Josh Schmitt
Now at SS: George Howard
Batting: RHB Kuniaki Kawashima 0-0: Ball
1-0: Ground out U3 (Groundball, 3S)
Pinch Hitting: RHB Bonifacio Torres 0-0: Ball
1-0: Ball
2-0: Ground out 3-1 (Groundball, 34S)
Batting: LHB Pedro Cruz 0-0: Ball
1-0: Foul Ball, location: 2F
1-1: Ground out 4-3 (Groundball, 13)
Bottom of the 10th over - 0 run(s), 0 hit(s), 0 error(s), 0 left on base; Seattle 4 - Kalamazoo 4
TOP OF THE 11TH
Seattle Pikes batting - Pitching for Kalamazoo Royale with Cheese : RHP Rikiya Sakurai
Now at C: Bonifacio Torres
Pinch Hitting: RHB Robert Johnson 0-0: SINGLE (Line Drive, 5D)
Batting: RHB Randy Sheppard 0-0: Swinging Strike
0-1: Called Strike
0-2: Strikes out swinging
Batting: RHB Lorenzo Ayala 0-0: Foul Ball, location: 2F
0-1: Ball
1-1: Grounds into double play, 6-4-3 (Groundball, 6)
Top of the 11th over - 0 run(s), 1 hit(s), 0 error(s), 0 left on base; Seattle 4 - Kalamazoo 4
BOTTOM OF THE 11TH
Kalamazoo Royale with Cheese batting - Pitching for Seattle Pikes : RHP Josh Schmitt
Now at C: Robert Johnson
Batting: RHB Rafael González 0-0: Foul Ball, location: 2F
0-1: Foul Ball, location: 2F
0-2: Ball
1-2: SINGLE (Groundball, 4)
Pitching: LHP Cristián Escobar
Batting: LHB Bryce Hopkins 0-0: Bunted foul
0-1: Bunt missed!
0-2: Strikes out swinging
Batting: RHB José Colón 0-0: Foul Ball, location: 2F
0-1: Swinging Strike
0-2: Ball
1-2: Reached on error, E5 (Groundball, 56)
Rafael González to second
Batting: RHB Roberto Ordóñez 0-0: Called Strike
0-1: Foul Ball, location: 2F
0-2: Ball
1-2: Foul Ball, location: 2F
1-2: Strikes out swinging
Batting: LHB Robbie McLaughlin 0-0: Ball
1-0: Ball
2-0: Called Strike
2-1: Called Strike
2-2: Strikes out swinging
Bottom of the 11th over - 0 run(s), 1 hit(s), 1 error(s), 2 left on base; Seattle 4 - Kalamazoo 4
TOP OF THE 12TH
Seattle Pikes batting - Pitching for Kalamazoo Royale with Cheese : RHP Rikiya Sakurai
Batting: RHB Emílio Bruno 0-0: Called Strike
0-1: Foul Ball, location: 2F
0-2: DOUBLE (Flyball, 89D)
Batting: RHB Iván Gonzáles 0-0: Ball
1-0: Ball
Emílio Bruno is caught stealing 3rd base
2-0: Called Strike
2-1: Fly out, F8 (Flyball, 8LD)
Batting: RHB Murai Ishihara 0-0: Ground out 4-3 (Groundball, 4)
Top of the 12th over - 0 run(s), 1 hit(s), 0 error(s), 0 left on base; Seattle 4 - Kalamazoo 4
BOTTOM OF THE 12TH
Kalamazoo Royale with Cheese batting - Pitching for Seattle Pikes : LHP Cristián Escobar
Batting: LHB Sergio Díaz 0-0: Ball
1-0: Ball
2-0: Ball
3-0: Called Strike
3-1: Called Strike
3-2: Foul Ball, location: 2F
3-2: Strikes out looking
Batting: RHB Kuniaki Kawashima 0-0: Swinging Strike
0-1: Ball
1-1: Ground out 5-3 (Groundball, 5L)
Batting: RHB Bonifacio Torres 0-0: Ball
1-0: Called Strike
1-1: Ball
2-1: Ball
3-1: Swinging Strike
3-2: Strikes out swinging
Bottom of the 12th over - 0 run(s), 0 hit(s), 0 error(s), 0 left on base; Seattle 4 - Kalamazoo 4
TOP OF THE 13TH
Seattle Pikes batting - Pitching for Kalamazoo Royale with Cheese : RHP Rikiya Sakurai
Batting: SHB Jong-min Kim 0-0: Swinging Strike
0-1: Foul Ball, location: 2F
0-2: SOLO HOME RUN (Line Drive, 9D), Distance : 405 ft
Batting: RHB George Howard 0-0: Ball
1-0: Ball
2-0: Ball
3-0: Called Strike
3-1: Ground out 4-3 (Groundball, 4M)
Pitching: RHP Juan González
Batting: RHB Reynold Akker 0-0: Called Strike
0-1: Foul Ball, location: 2F
0-2: Foul Ball, location: 2F
0-2: Foul Ball, location: 2F
0-2: Ball
Single, Error in OF, E8, batter to second base
Batting: RHB Robert Johnson 0-0: Foul Ball, location: 2F
0-1: Fly out, F7 (Flyball, 78M)
Batting: RHB Randy Sheppard 0-0: Swinging Strike
0-1: Ball
1-1: Swinging Strike
1-2: Foul Ball, location: 2F
1-2: Foul Ball, location: 2F
1-2: Foul Ball, location: 2F
1-2: Fly out, F7 (Flyball, 7M)
Top of the 13th over - 1 run(s), 2 hit(s), 1 error(s), 1 left on base; Seattle 5 - Kalamazoo 4
BOTTOM OF THE 13TH
Kalamazoo Royale with Cheese batting - Pitching for Seattle Pikes : LHP Cristián Escobar
Pinch Hitting: RHB Gustavo Díaz 0-0: Ball
1-0: Called Strike
1-1: DOUBLE (Flyball, 9D)
Batting: RHB Rafael González 0-0: Ball
1-0: Called Strike
1-1: Called Strike
1-2: Ground out 5-3 (Groundball, 56)
Batting: LHB Bryce Hopkins 0-0: Ball
1-0: Called Strike
1-1: Called Strike
1-2: SINGLE (Flyball, 7S)
Gustavo Díaz to third
Pitching: RHP José Salinas
Batting: RHB José Colón 0-0: Ball
1-0: Swinging Strike
1-1: Ball
2-1: Ball
3-1: Called Strike
3-2: Strikes out swinging
Batting: RHB Roberto Ordóñez 0-0: Called Strike
0-1: Called Strike
0-2: Ball
1-2: Ball
2-2: Fly out, F7 (Line Drive, 7M)
Bottom of the 13th over - 0 run(s), 2 hit(s), 0 error(s), 2 left on base; Seattle 5 - Kalamazoo 4
This league is powered by Out of the Park Baseball, the baseball management simulation game for PC, Mac and Linux
Saturday, April 9th, 2016 - OOTP Baseball 16.8 Build 38